Cogmind - Beta 17 @@@ ROGUE MODE // 2026.06.29 @ 16:51:38 Player: N.W.L. Result: Destroyed by S0-0MR(R) with Subdweller Beam Cannon Performance ------------- Evolutions (0) 0 Regions Visited (2) 400 Robots Destroyed (30) 150 Value Destroyed (590) 590 Prototype IDs (14) 280 Alien Tech Used (0) 0 Bonus (0) 0 TOTAL SCORE: 1420 Bonus ------- None Cogmind --------- Core Integrity 0/250 Matter 167/300 Energy 173/200 System Corruption 0% Temperature Cool (9) Movement Treading (160) Location -10/Subcaves Parts ------- > --- POWER (1) -------- Subdweller Power Source > --- PROPULSION (2) --- Light Treads Light Treads > --- UTILITY (2) ------ Large Storage Unit > --- WEAPON (2) ------- Improved Light Cannon Improved Light Cannon > --- INVENTORY (15) --- Humpback Improved Terrain Scanner Seismic Detector Tower Shield Self-contained Transmogrifier Heavy Assault Rifle Heavy Assault Rifle Improved Light Cannon Subdweller Shrapnel Launcher Hammer Peak State ------------ > --- POWER ------------ Light Ion Engine > --- PROPULSION ------- Light Treads Light Treads > --- UTILITY ---------- Large Storage Unit Light Armor Plating > --- WEAPON ----------- Improved Light Cannon Improved Light Cannon > --- INVENTORY -------- Light Treads Light Treads Improved Terrain Scanner Seismic Detector Tower Shield Self-contained Transmogrifier Heavy Assault Rifle Heavy Assault Rifle Heavy Assault Rifle Heavy Assault Rifle Improved Light Cannon Improved Light Cannon Subdweller Shrapnel Launcher Hammer [Rating: 14] Favorites ----------- Power Light Ion Engine Engine Light Ion Engine Propulsion Light Treads Treads Light Treads Utility Large Storage Unit Device Heat Sink Storage Large Storage Unit Protection Light Armor Plating Weapon Improved Light Cannon Energy Gun Medium Laser Ballistic Gun Light Assault Rifle Ballistic Cannon Improved Light Cannon Impact Weapon Hammer Build | -11 -10 -10 ------- Run | Yrd Mat Sub Slots Evolved . | . . . Power . | . . . Propulsion . | . . . Utility . | . . . Weapon . | . . . Parts Attached 22 | 7 11 4 Power 3 | 1 1 1 Engine 3 | 1 1 1 Core . | . . . Reactor . | . . . Propulsion 4 | 2 . 2 Treads 4 | 2 . 2 Leg . | . . . Wheel . | . . . Hover . | . . . Flight . | . . . Utility 5 | 2 3 . Device 2 | 1 1 . Storage 2 | 1 1 . Processor . | . . . Hackware . | . . . Protection 1 | . 1 . Artifact . | . . . Weapon 10 | 2 7 1 Energy Gun 3 | . 3 . Energy Cannon . | . . . Ballistic Gun 3 | 2 1 . Ballistic Cannon 3 | . 2 1 Launcher . | . . . Special Weapon . | . . . Impact Weapon 1 | . 1 . Slashing Weapon . | . . . Piercing Weapon . | . . . Special Melee Weapon . | . . . Unidentified Prototypes . | . . . Parts Lost 6 | . 1 5 Power 2 | . 1 1 Propulsion 2 | . . 2 Utility 1 | . . 1 Weapon 1 | . . 1 Highest Loss Streak 3 | . 1 3 To Critical Strikes . | . . . Average Backups 9 | 3 7 13 Power . | . . . Propulsion 1 | . . 1 Utility 2 | . 2 3 Weapon 4 | 1 3 7 Tool/Special . | . . . Unused Backups 11 | . 1 10 Power . | . . . Propulsion . | . . . Utility 3 | . . 3 Weapon 7 | . 1 6 Tool/Special 1 | . . 1 Average Slot Usage (%) 92 | . 93 89 Engine 8 | . 8 7 Treads 27 | . 27 27 Device 8 | . 11 1 Storage 14 | . 14 14 Protection 4 | . 2 9 Energy Gun 9 | . 13 . Ballistic Gun 4 | . 5 . Ballistic Cannon 11 | . 2 28 Impact Weapon 3 | . 5 . Peak Build Rating 14 | 7 11 14 Average Rating 8 | 4 7 12 On Entrance 6 | . 7 11 Avg Prop Armor Cover (%) . | . . . Naked Turns . | . . . Heaviest Build 34 | 11 34 34 Greatest Support 40 | 40 40 40 Greatest Overweight (x) 1 | . 1 . Average Overweight (x) . | . . . Largest Inventory Capacity 15 | 8 15 15 Average Capacity 12 | 7 12 15 Most Carried 15 | 5 13 15 Average Carried 9 | 3 7 14 Final Capacity 15 | 8 15 15 Final Carried 13 | 4 13 12 Class Distribution -------------------- 100% | Mutant Dominant Class ---------------- Mutant | -10/Materials Mutant | -10/Subcaves Resources | -11 -10 -10 ----------- Run | Yrd Mat Sub Matter Collected 664 | 249 273 142 Remotely . | . . . Salvage Created 897 | 190 649 58 Parts 65 | 17 44 4 Haulers Intercepted 1 | . 1 . Recyclers Shooed . | . . . Parts Field Recycled . | . . . Retrieved Matter . | . . . Parts Self-Destructed 7 | . . 7 Prevented . | . . . Parts Restored . | . . . Kills | -11 -10 -10 ------- Run | Yrd Mat Sub Combat Hostiles Destroyed 17 | . 12 5 Melee 4 | . 4 . Guns 7 | . 7 . Cannons 5 | . . 5 Classes Destroyed 8 | 3 4 1 Worker 2 | 1 1 . Tunneler 5 | 5 . . Hauler 1 | . 1 . Recycler 3 | 1 2 . Watcher 2 | . 2 . Swarmer 5 | . 5 . Grunt 7 | . 7 . Subdweller 5 | . . 5 Best Kill Streak 4 | 4 4 2 Combat Bots Only 3 | . 3 2 Max Kills in Single Turn 2 | 1 2 1 Gunslinging 1 | . 1 . Exploded . | . . . Melee 1 | . 1 . Uniques/NPCs Destroyed . | . . . Combat | -11 -10 -10 -------- Run | Yrd Mat Sub Hostile Shots Fired 131 | . 93 38 Missed 27 | . 20 7 Hits 104 | . 73 31 Projectile 104 | . 73 31 Critical Strikes 1 | . 1 . Damage Taken 1489 | . 734 755 Core 262 | . 129 133 Absorbed by Shields . | . . . Regen/Repaired (Parts) 254 | . 254 . Core Remaining (%) 100 | 100 . . Volleys Fired 110 | 27 51 32 Largest 2 | 2 2 2 Hottest 100 | 40 100 66 Shots Fired 210 | 54 101 55 Gun 155 | 54 101 . Cannon 55 | . . 55 Launcher . | . . . Special . | . . . Kinetic 172 | 54 63 55 Thermal 38 | . 38 . Explosive . | . . . Electromagnetic . | . . . Robot Hit Streak 22 | 15 6 22 Robot Miss Streak 7 | 2 7 1 Penetration Max . | . . . Secondary Targets 2 | . 2 . Max Gunslinging Chain 1 | . 1 . Shots Hit Robots 138 | 37 65 36 Core Hits 48 | 11 28 9 Critical Kills 1 | . 1 . Critical Parts Destroyed 3 | . 3 . Critical Strikes 7 | . 6 1 Burn 2 | . 2 . Blast 1 | . . 1 Smash 4 | . 4 . Melee Attacks 25 | . 25 . Impact 25 | . 25 . Slashing . | . . . Piercing . | . . . Sneak Attacks . | . . . Combat Hostiles . | . . . Follow-up Attacks . | . . . Damage Inflicted 2065 | 266 913 886 Guns 792 | 266 526 . Cannons 886 | . . 886 Explosions . | . . . Melee 387 | . 387 . Ramming . | . . . Kinetic 1416 | 266 264 886 Thermal 262 | . 262 . Explosive . | . . . Electromagnetic . | . . . Impact 387 | . 387 . Slashing . | . . . Piercing . | . . . Highest Corruption . | . . . Average Corruption . | . . . Corruption Purged . | . . . Corruption Blocked . | . . . Overload Shots . | . . . Overflow Damage 69 | . 69 . Projectiles . | . . . Explosions . | . . . Melee 69 | . 69 . Knockbacks 15 | . 2 13 Impact 2 | . 2 . Kinetic 13 | . . 13 Secondary . | . . . Self-Inflicted Damage . | . . . Shots . | . . . Rammed . | . . . Targets Rammed . | . . . Kicked . | . . . Crushed . | . . . Highest Temperature 259 | . 259 . Average Temperature 97 | . 97 . Received Heat Transfer 429 | . 222 207 Effects 3 | . 3 . Interference 3 | . 3 . Siege Activations . | . . . Martial Activations . | . . . Shielding Activations . | . . . Robots Disrupted . | . . . Combat Hostiles . | . . . Robots Corrupted 1 | . 1 . Combat Hostiles 1 | . 1 . Parts Fried . | . . . Impact Corruptions 4 | . 4 . Robots Melted . | . . . Combat Hostiles . | . . . Parts Melted 2 | . 2 . Heat Transferred 925 | . 925 . Parts Sabotaged . | . . . Parts Stolen . | . . . Parts Stripped . | . . . Power Chain Reactions . | . . . Alert | -11 -10 -10 ------- Run | Yrd Mat Sub Maximum Alert Level . | . . . Low Security (%) 100 | 100 100 . Level 1 . | . . . Level 2 . | . . . Level 3 . | . . . Level 4 . | . . . Level 5 . | . . . High Security . | . . . Max Security . | . . . Peak Influence 95 | 5 95 . Initial . | . . . Average 28 | . 32 . Influence Increases 474 | 35 439 . Destroy 0b10 Robot/C 240 | . 240 . Destroy 0b10 Robot/NC 65 | 35 30 . Destroy Leader 46 | . 46 . Successful Hack 16 | . 16 . Select Force Hacks 30 | . 30 . Destroy Structure 2 | . 2 . Partial Spotted 15 | . 15 . Lose Combat Pursuer 60 | . 60 . Influence Decreases 474 | 35 417 22 Entered New Map 11 | . . 11 Time Decay 453 | 35 407 11 Lost Part 10 | . 10 . Squads Dispatched 4 | . 4 . Investigation 4 | . 4 . Extermination . | . . . Reinforcement . | . . . Assault . | . . . Garrison . | . . . Intercept . | . . . Searches Triggered . | . . . Construction Impeded . | . . . Haulers Reinforced . | . . . Active Scanning Responses . | . . . Cargo Convoy Interrupts . | . . . Stealth | -11 -10 -10 --------- Run | Yrd Mat Sub Distress Signals 1 | . 1 . Communications Jammed . | . . . Distress Signals . | . . . Times Spotted 30 | . 24 6 Peak Tracking Total 4 | . 4 2 Tactical Retreats 4 | . 4 . Traps | -11 -10 -10 ------- Run | Yrd Mat Sub Traps Triggered 3 | . 2 1 Indirectly . | . . . Trap Hack Attempts . | . . . Triggered . | . . . Disarmed . | . . . Reprogrammed . | . . . Reused . | . . . Traps Extracted . | . . . Installed . | . . . Triggered . | . . . Machines | -11 -10 -10 ---------- Run | Yrd Mat Sub Machines Disabled 1 | . . 1 Max in Single Turn 1 | . . 1 Machines Repaired . | . . . Machines Dismantled . | . . . Machines Sabotaged . | . . . Overloaded Fab Kills . | . . . Hacking | -11 -10 -10 --------- Run | Yrd Mat Sub Machines Accessed 10 | . 9 1 Terminals 6 | . 6 . Fabricators . | . . . Repair Stations 1 | . 1 . Recycling Units 2 | . 2 . Scanalyzers . | . . . Garrison Access . | . . . Total Hacks 29 | . 28 1 Successful 16 | . 15 1 Failed 13 | . 13 . Catastrophic . | . . . Database Lockouts . | . . . Manual 17 | . 17 . Terminals 16 | . 16 . Fabricators . | . . . Repair Stations 7 | . 7 . Recycling Units 5 | . 5 . Scanalyzers . | . . . Garrison Access . | . . . Terminal Hacks 3 | . 2 1 Robot Analysis 2 | . 2 . Proto ID Catalog 1 | . . 1 Fabricator Hacks . | . . . Repair Station Hacks 5 | . 5 . Scan Component 3 | . 3 . Repair 2 | . 2 . Recycling Unit Hacks . | . . . Scanalyzer . | . . . Garrison Access Hacks . | . . . Unauthorized Hacks 8 | . 8 . Terminals 7 | . 7 . Botnet 2 | . 2 . Skim 5 | . 5 . Fabricators . | . . . Repair Stations . | . . . Recycling Units 1 | . 1 . Tunnel 1 | . 1 . Scanalyzers . | . . . Garrison Access . | . . . Data Cores Recovered . | . . . Used . | . . . Hacking Detections 9 | . 9 . Full Trace Events 3 | . 3 . Feedback Events . | . . . Feedback Blocked . | . . . Robot Schematics Acquired . | . . . Robots Built . | . . . Authchips . | . . . Time . | . . . Total Robot Build Rating . | . . . Part Schematics Acquired . | . . . Parts Built . | . . . Authchips . | . . . Time . | . . . Total Part Build Rating . | . . . Part Studies Acquired . | . . . Parts Repaired 2 | . 2 . Time 52 | . 52 . Parts Recycled . | . . . Recycled Matter . | . . . Retrieved Matter . | . . . Retrieved Components . | . . . Parts Scanalyzed . | . . . Part Schematics Acquired . | . . . Parts Damaged . | . . . Bothacking | -11 -10 -10 ------------ Run | Yrd Mat Sub Used RIF Installer . | . . . Robots Hacked . | . . . Non-combat . | . . . Combat . | . . . Robot Hacks Applied . | . . . Relay Couplers Released . | . . . Fabnet Peak Effective % . | . . . Robots Rewired . | . . . Allies Hacked . | . . . Hacks Repelled . | . . . Allies | -11 -10 -10 -------- Run | Yrd Mat Sub Total Allies . | . . . Largest Group . | . . . Highest-Rated Group . | . . . Highest-Rated Ally . | . . . Total Orders . | . . . Ally Attacks . | . . . Total Damage . | . . . Kills . | . . . Allies Corrupted . | . . . Allies Melted . | . . . Intel | -11 -10 -10 ------- Run | Yrd Mat Sub Active Infowar (turns) 499 | 47 395 57 Seismic 499 | 47 395 57 Robot Analysis Total 2 | . 2 . Derelict Logs Recovered . | . . . Drone Launches . | . . . Drone Recoveries . | . . . Exploration | -11 -10 -10 ------------- Run | Yrd Mat Sub Turns Passed 2073 | 201 1262 610 Spaces Moved 957 | 77 569 311 Core 6 | 6 . . Treads 951 | 71 569 311 Legs . | . . . Wheels . | . . . Hover . | . . . Flight . | . . . Fastest Speed 50 | 50 160 160 Average Speed 160 | 151 161 160 Slowest Speed 240 | 160 240 160 Overloaded Moves . | . . . Propulsion Burnouts . | . . . Robots Hopped . | . . . Potential Cave-ins . | . . . Cave-ins Triggered . | . . . Exploration Rate (%) 37 | 5 84 24 Regions Visited 2 Branch Regions 1 Pre-discovered Areas 4 | . 4 . Known Exits Taken . | . . . Unknown Exits Taken 2 | 1 1 . Scrap Searched . | . . . Spaces Dug 2 | . 2 . Terrain Destroyed 2 | . 2 . Melee 2 | . 2 . Projectile . | . . . AOE . | . . . Terrain Rammed . | . . . Walls Destroyed . | . . . Machines Disabled . | . . . Actions | -11 -10 -10 --------- Run | Yrd Mat Sub Total 1259 | 115 774 370 Wait 106 | . 97 9 Move 955 | 76 568 311 Hop . | . . . Pick Up 23 | 5 12 6 Fast Attach 11 | 6 4 1 Attach 5 | 1 1 3 Detach 1 | . 1 . Swap 13 | . 11 2 Drop 10 | . 4 6 Fire 110 | 27 51 32 Melee 25 | . 25 . Ram . | . . . Kick . | . . . Crush . | . . . Escape Stasis . | . . . Rewire . | . . . Trap . | . . . Miscellaneous . | . . . Route ------- -11/Scrapyard -10/Materials (discovered 5 exits: [*Mat x3] / [*Min] / *Sub) -10/Subcaves (discovered 2 exits: *Mat x2) History --------- Turn | Location | Event 5 | -11/Scrapyard | Discovered new exit (range 15) 202 | -11/Scrapyard | Entered Materials 317 | -10/Materials | Build established: Mutant 518 | -10/Materials | Discovered new exit (range 5) 796 | -10/Materials | Discovered new exit (range 12) 839 | -10/Materials | Discovered new exit (range 10) 921 | -10/Materials | Repaired Lgt. Treads 948 | -10/Materials | Repaired Lgt. Treads 1206 | -10/Materials | Learned location of Recycling (-7) 1216 | -10/Materials | Discovered new exit (range 9) 1248 | -10/Materials | Core integrity fell below 50% 1263 | -10/Materials | Learned 4 Recycling zone layouts 1309 | -10/Materials | Learned location of 1 exit from Recycling 1343 | -10/Materials | Learned 4 Recycling zone layouts 1369 | -10/Materials | Learned location of Mines (-8) 1435 | -10/Materials | Learned location of Mines (-10) 1451 | -10/Materials | Discovered new exit (range 7) 1464 | -10/Materials | Entered Subcaves 1465 | -10/Subcaves | Identified exit to Materials 1544 | -10/Subcaves | Visited 4L-MR0's lab 1562 | -10/Subcaves | Found Tower Shield 1566 | -10/Subcaves | Found Prototype Device 1701 | -10/Subcaves | Disturbed a concealed Subdweller 2070 | -10/Subcaves | Core integrity fell below 20% 2074 | -10/Subcaves | Destroyed by S0-0MR(R) with Subdweller Beam Cannon Last Messages --------------- 01982_ Acquired 2 matter. 01985_ Acquired 10 matter. 01988_ Acquired 5 matter. 01991_ Dropped Hvy. Assault Rifle. 01992_ Subatomizers dissect the Disposable Heat Sink. 01992_ Dropped Hvy. Assault Rifle. 01993_ Acquired Humpback. 01994_ Acquired 4 matter. 01995_ Acquired 6 matter. 01997_ Acquired 9 matter. 02000_ Acquired 39 matter. 02002_ Subatomizers dissect the Disposable Heat Sink. 02003_ Acquired Sub. Power Source. 02016_ Subatomizers dissect the Disposable Heat Sink. 02062_ 8W-8RL(R) knocked back. 02064_ Lgt. Treads destroyed. 02066_ 8W-8RL(R) knocked back. 02068_ Imp. Light Cannon destroyed. 02069_ Lgt. Treads destroyed. 02071_ 8W-8RL(R) knocked back. Map ----- +----------------------------------------------------+ | ?????????????????????????????????????????????????? | | ?????????????????????????????????????????????????? | | ?????????????????????????????????????????????????? | | ?????????????????????????????????????????????????? | | ?????????????????????????????????????????????????? | | ?????????????????????????????????????????????????? | | ?????????????????????????????????????????????????? | | ?????????????????????????????????????????????????? | | ?????????????????????????????????????????????????? | | ?????????????????????????????????????????????????? | | ?????????????????????????????????????????????????? | | ?????????????????????????????????????????????????? | | ?????????????????????????????????????????????????? | | ?????????????????????????????????????????????????? | | ?????????????????????????????????????????????????? | | ?????????????????????????????????????????????????? | | #????????????????????????????????????????????????? | | #????????????????????????????????????????????????? | | #?????????????????????####???????????????????????? | | #????????###??????????# ##??????????????????????? | | #??????## ##?????????# #?##" ?????????????????? | | #??????# #????????## %##""" ?????????????????? | | #????### #????????# R R""???????????????????? | | ##???# #?????????# %#?????###?????????????? | | #???# ##??????????# #### ##????????????? | | #??## ##???????????# @ #????????????? | | ##### #???###??????# #???????????? | | # ## ##?# #???###; # #???????????? | | ## ##### ###??? #???????????? | | ## #????????????????????? | | # ## ### ## #????????????????????? | | #### ##????# ### ;##????????????????????? | | #?## ##?????# #### ###?????????????????????? | | ?# ##????## ####???????????????????????? | | #?## ## !##??## ###???????????????????????? | | #??#####! #??# ##??????????????????????? | | #?????## #??# #??????????????????????? | | ??????# #### ####??????????????????????? | | " #& ! [ [ #?????????????????????????? | | " = #?????????????????????????? | | ### #?????????????????????????? | | ??# ##?????????????????????????? | | ??# ##??????????????????????????? | | ??# % % * #???????????????????????????? | | ??# % ### #??????????????????????????? | | ??# #?# #?????????????????????????? | | ??# #? #????????????????????????? | | ??# #? ## ???????????????????????? | | ??# #####? #?# ??????????????????????? | | ??# ??????# ??## #?????????????????????? | +----------------------------------------------------+ Best States ------------- Heat Dissipation 35 Energy Generation 10 Energy Capacity 200 Matter Stores 300 Matter Capacity 300 Sight Range 16 Terrain Scan Density 10 Armor Coverage 150 Evasion (%) 40 Recoil Reduction 2 Item Schematics ----------------- None Robot Schematics ------------------ None Fabricated ------------ Nothing Repaired ---------- Lgt. Treads | 7% | -10/Materials Lgt. Treads | 11% | -10/Materials Studied --------- None Alien Tech Used ----------------- None Achievements -------------- None Challenges ------------ None Game ------ Seed AlphaPointTurbovents Manual? 0 Play Time 00:13:44 Cumulative 643.8 hours Start 2026.06.29 @ 16:40:25 End 2026.06.29 @ 16:51:38 Sessions 1 Manual Loads 0 Difficulty Rogue Special Mode None Game No. 249 Rogue 249 Adventurer 0 Explorer 0 Win Type - Total 25 Types 10/3/7/1/0/0/1/2/0/1 Lore% 92 Gallery% 84 Achievement% 70 Wizard Run 0 Options --------- Layout 0 ASCII 0 Keyboard 1 Movement Numpad Keybinds 0 Fullscreen 2 Font 18/SmallcapsGlow Map View 76x50 Zoom Use 0% Tactical HUD 1 Map Filters NONE Filters NONE Steam 1 RUN: 24a06114-a059-4da0-82bd-9a8bfb44da69